 Dungeon Crawl Stone Soup version 0.27-a0-1308-gc08437e49b (webtiles) character file.

Game seed: 10840919119946320064

163 hunterBerkeley the Magician (level 5, -8/36 HPs)
             Began as a Djinni Summoner on June 18, 2021.
             Was an Initiate of Yredelemnul.
             Mangled by a water moccasin (9 damage)
             ... on level 5 of the Dungeon.
             The game lasted 00:21:24 (7214 turns).

hunterBerkeley the Magician (Djinni Summoner)       Turns: 7214, Time: 00:21:25

Health: -8/36      AC:  2    Str:  7    XL:     5   Next: 73%
Gold:   148        EV: 12    Int: 24    God:    Yredelemnul [......] SH:  0 Dex: 13

rFire    + + .     SeeInvis +   p - staff of death
rCold    x . .     Faith    .   (no shield)
rNeg     + . .     Spirit   .   a - +0 robe
rPois    ∞         Reflect  .   (no helmet)
rElec    .         Harm     .   (no cloak)
rCorr    .         Rampage  .   (no gloves)
Will     .....                  (boots unavailable)
Stlth    ++........             (no amulet)
HPRegen  0.12/turn              f - +6 ring of intelligence
MPRegen  0.00/turn              n - ring of see invisible

@: flying, very slightly contaminated
A: sickness immunity, fire resistance 2, cold vulnerability 1, float, innate
caster, hp casting, extra vitality 1
a: Renounce Religion


You were on level 5 of the Dungeon.
You worshipped Yredelemnul.
Yredelemnul was noncommittal.
You visited 2 branches of the dungeon, and saw 6 of its levels.

You collected 148 gold pieces.

Inventory:

Armour
 a - a +0 robe (worn)
Magical Staves
 p - a staff of death (weapon)
Jewellery
 f - a +6 ring of intelligence (left hand)
 n - a ring of see invisible (right hand)
Scrolls
 b - a scroll of magic mapping {unknown}
 d - a scroll of identify
 e - 3 scrolls of teleportation
 g - a scroll of brand weapon {unknown}
 i - a scroll of silence {unknown}
 j - 2 scrolls of enchant weapon {unknown}
 k - a scroll of torment {unknown}
 m - a scroll of noise {unknown}
 s - a scroll of enchant armour {unknown}
 u - a scroll of immolation {unknown}
Potions
 c - 2 potions of curing {unknown}
 h - a potion of degeneration {unknown}
 o - a potion of brilliance {unknown}
 q - a potion of lignification {unknown}
 r - a potion of flight {unknown}
 t - a potion of berserk rage {unknown}


   Skills:
 - Level 0.7 Fighting
 + Level 2.4 Dodging
 + Level 2.2 Stealth
 - Level 0.1 Unarmed Combat
 + Level 4.8 Spellcasting


You couldn't memorise any spells.
You knew the following spells:

 Your Spells              Type           Power      Damage    Failure   Level
a - Summon Small Mammal   Summ           100%       N/A       1%          1
b - Call Imp              Summ           28%        N/A       1%          2
c - Call Canine Familiar  Summ           28%        N/A       3%          3
d - Summon Guardian Gole  Hex/Summ       28%        N/A       3%          3
e - Summon Lightning Spi  Summ/Air       28%        N/A       12%         4
f - Summon Ice Beast      Ice/Summ       28%        N/A       12%         4
g - Pain                  Necr           100%       1d9       1%          1
h - Corpse Rot            Necr/Air       N/A        N/A       1%          2
Your spell library was empty.

Dungeon Overview and Level Annotations

Branches:
Dungeon (5/15)             Temple (1/1) D:4

Altars:
Dithmenos
Elyvilon
Fedhas
Gozag
Makhleb
Ru
Yredelemnul
The Shining One
Beogh

Shops:
D:5 *


Innate Abilities, Weirdness & Mutations

You are immune to sickness and miasma.
You are immune to poison.
Your flesh is very heat resistant. (rF++)
You are vulnerable to cold. (rC-)
You float through the air rather than walking.
You learn spells naturally, not from books.
Your magical power is your life essence.
You have superior vitality. (+4 HP)


Message History

Your white imp misses the water moccasin.
Your white imp hits the water moccasin.
Your white imp freezes the water moccasin.
The water moccasin seems to slow down.
The water moccasin bites your white imp.
Your crimson imp barely misses the water moccasin.
Your white imp closely misses the water moccasin.
Your white imp is smitten.
Your white imp dies!
You hear a shout!
The water moccasin barely misses your white imp.
Your crimson imp hits the water moccasin.
Your white imp barely misses the water moccasin.
As you read the scroll labelled PIRUMA ROTAF, it crumbles to dust.
It is a scroll of identify.
e - 4 scrolls of teleportation The water moccasin is no longer moving slowly.
The adder barely misses you.
The water moccasin bites your crimson imp.
Your crimson imp is poisoned.
The water moccasin poisons your crimson imp!
Your crimson imp blinks!
The adder closely misses you.
Your white imp misses the water moccasin.
Unknown command.
As you read the scroll of teleportation, it crumbles to dust.
You feel strangely unstable.
The water moccasin bites your white imp.
The adder bites you.
* * * LOW HITPOINT WARNING * * *
Your white imp closely misses the water moccasin.
The adder closely misses you.
Your surroundings suddenly seem different.
Found a scroll labelled CIETOH WE KIUPS.
Found Qyxoxt's Serpentskin Sales.
An adder and a water moccasin come into view.
The water moccasin hisses angrily.
The water moccasin bites you!
You die...
Your body rises from the dead as a mindless zombie.

##+##
#...#
#.
#?SS#
.
#.@.#
.
##+##
## .
# # #
#


You could see a water moccasin and an adder.

Vanquished Creatures
  A goblin (D:1)
  2 kobolds
  A quokka (D:1)
4 creatures vanquished.

Vanquished Creatures (collateral kills)
  Blork the orc (D:4)
  A bullfrog skeleton (D:5)
  A hound (D:4)
  An iguana (D:4)
  An orc wizard (D:3)
  A hound skeleton (D:4)
  3 adders
  A shadow imp (D:5)
  An adder skeleton (D:4)
  A worm (D:2)
  3 dart slugs
  4 orcs
  2 bats (D:1)
  9 endoplasms
  6 giant cockroaches
  2 goblins (D:1)
  3 hobgoblins
  3 quokkas
  4 ball pythons
  3 frilled lizards (D:1)
  7 kobolds
  5 rats (D:1)
63 creatures vanquished.

Vanquished Creatures (others)
  A worm (D:4)
1 creature vanquished.

Grand Total: 68 creatures vanquished

Notes
Turn   | Place    | Note
-------+----------+-------------------------------------------
     0 | D:1      | hunterBerkeley the Djinni Summoner began the quest for the
                  | Orb.
     0 | D:1      | Reached XP level 1. HP: 15/15 MP: 0/0
   414 | D:1      | Reached XP level 2. HP: 12/21 MP: 0/0
  1513 | D:1      | Found a faded altar of an unknown god.
  1749 | D:1      | Reached XP level 3. HP: 20/25 MP: 0/0
  1749 | D:1      | Learned a level 1 spell: Pain
  3260 | D:2      | Reached skill level 4 in Spellcasting
  4413 | D:3      | Reached XP level 4. HP: 22/31 MP: 0/0
  6053 | D:4      | Noticed Blork the orc
  6343 | D:4      | Killed Blork the orc
  6344 | D:4      | Reached XP level 5. HP: 20/36 MP: 0/0
  6344 | D:4      | Learned a level 2 spell: Corpse Rot
  6859 | D:4      | Found a staircase to the Ecumenical Temple.
  6870 | Temple   | Entered the Ecumenical Temple
  6897 | Temple   | Became a worshipper of Yredelemnul the Dark
  7074 | D:5      | Entered Level 5 of the Dungeon
  7197 | D:5      | Noticed a water moccasin
  7202 | D:5      | Noticed a nameless horror
  7210 | D:5      | HP: 1/36 [adder (2)]
  7213 | D:5      | Found Qyxoxt's Serpentskin Sales.
  7214 | D:5      | Noticed a water moccasin
  7214 | D:5      | Mangled by a water moccasin

Illustrated notes

Levels and vault maps discovered:
D:1:      shiori_arrival_maze, layout_basic,
          hellmonk_ecumenical_altar_defaced_shrine
D:2:      layout_basic
D:3:      layout_basic
D:4:      layout_cave_pools, minmay_temple_entry_mist,
          kennysheep_generic_room_8, uniq_blork_the_orc
D:5:      layout_basic, portal_sewer_entry_f, corner_web_ring,
          guppyfry_shop_venom
Temple:   minmay_crystal_snake_temple

Skill      XL: |  1  2  3  4 |
---------------+-------------+-----
Spellcasting   | 4 |  4.8
Stealth        | 2 |  2.2
Fighting       | |  0.7
Dodging        | |  2.4
Unarmed Combat | |  0.1

Action                   |  1- 3 |  4- 6 || total
-------------------------+-------+-------++-------
Melee: Unarmed           |    21 |     7 ||    28
       Staff             |       |     2 ||     2
 Cast: Summon Small Mamm |    86 |    16 ||   102
       Call Imp          |    50 |    19 ||    69
       Call Canine Famil |     1 |     8 ||     9
       Summon Guardian G |       |     9 ||     9
       Pain              |       |     1 ||     1
  Use: Scroll            |       |     2 ||     2
 Stab: Distracted        |       |     1 ||     1
Armor: Robe              |    10 |     5 ||    15
Dodge: Dodged            |    38 |    22 ||    60

Table legend: (Time is in decaauts)
 A = Elapsed time spent in this place.
 B = Non-inter-level travel time spent in this place.
 C = Inter-level travel time spent in this place.
 D = Time resting spent in this place.
 E = Time spent auto-exploring this place.
 F = Levels seen in this place.
 G = Mean time per level.
                   A        B        C        D        E       F      G
               +--------+--------+--------+--------+--------+-----+--------+
         Total |   7213 |   7154 |     59 |      0 |   5413 |   6 | 1202.2 |
       Dungeon |   7134 |   7075 |     59 |      0 |   5413 |   5 | 1426.8 |
        Temple |     78 |     78 |      0 |      0 |      0 |   1 |   78.0 |
               +--------+--------+--------+--------+--------+-----+--------+

Top non-repeatable levels by time:
     D:1: 2345 daAuts
     D:2: 2062 daAuts
     D:3: 1602 daAuts
     D:4: 984 daAuts
     D:5: 139 daAuts
  Temple: 78 daAuts
